Map: Abyssal Reef LE

Players

JohnSnow - Winner!

  • Race: Terran Terran
  • Spawn Location: 5:00

A.I. 1 (Hard)

  • Race: Protoss Protoss
  • Spawn Location: 11:00

VOD

Have the link to the VOD?

Description

Time

  • Played on: Jan. 13, 2018, 11:11 a.m.
  • Length: 15:41
Show
View Real Time Build Order
Export as new Build Order

JohnSnow Terran - Winner!

Build Orders:  

Get SALT Encoding   

  12  0:01  SCV  
  13  0:13  SCV  
  14  0:20  Supply Depot  
  14  0:25  SCV  
  15  0:42  SCV  
  16  0:45  Barracks  
  16  0:56  Refinery  
  16  1:09  SCV  
  17  1:21  SCV  
  18  1:33  SCV  
  19  2:05  Barracks Reactor  
  19  2:08  Orbital Command  
  19  2:19  Command Center  
  19  2:34  Barracks  
  19  2:37  SCV  
  20  2:50  Marine x2, SCV  
  23  3:16  Supply Depot  
  23  3:31  Marine x2, SCV  
  26  3:38  Orbital Command  
  26  3:39  Supply Depot  
  26  3:43  Barracks Tech Lab, SCV  
  27  3:49  Marine  
  27  3:51  Factory  
  27  3:52  Marine  
  30  3:55  SCV  
  30  4:03  Engineering Bay  
  30  4:06  Marine  
  30  4:07  SCV  
  32  4:10  SCV  
  33  4:19  SCV  
  33  4:20  Stimpack  
  33  4:22  SCV  
  35  4:32  SCV  
  36  4:43  SCV  
  36  4:44  SCV, Supply Depot  
  36  4:45  Marine x3, Supply Depot  
  40  4:50  Factory Tech Lab  
  41  4:54  Terran Infantry Weapons Level 1  
  41  4:56  SCV x2  
  43  5:03  Marine x3  
  46  5:15  Refinery  
  46  5:24  SCV x2  
  46  5:26  Marine x3  
  51  5:36  SCV x2  
  51  5:38  Starport  
  53  5:44  Marine x3  
  50  6:02  Marine x3  
  51  6:15  SCV x2  
  53  6:19  Marine x2  
  53  6:20  Marine  
  59  6:27  SCV x2  
  61  6:37  Marine x2  
  61  6:38  Marine  
  61  6:39  SCV  
  62  6:48  Terran Infantry Armor Level 1  
  62  6:51  Armory  
  62  6:58  Refinery  
  62  7:00  Refinery  
  62  7:21  Supply Depot  
  62  7:35  Command Center  
  62  7:43  SCV x2  
  64  7:45  Supply Depot  
  64  7:47  Marine  
  64  7:48  Marine x2, Barracks  
  67  7:54  Factory Tech Lab  
  67  7:55  SCV x2  
  69  8:05  Marine  
  69  8:06  Marine x2  
  69  8:07  SCV x2  
  74  8:15  Supply Depot  
  74  8:23  Marine  
  74  8:26  Marine x2  
  77  8:36  Medivac, Siege Tank  
  77  8:37  Supply Depot, Barracks  
  77  8:41  Marine, Terran Vehicle Weapons Level 1  
  82  8:42  Terran Infantry Weapons Level 2  
  82  8:43  Marine  
  82  8:44  Marine  
  85  8:55  Orbital Command  
  85  8:59  Marine  
  85  9:00  Supply Depot  
  86  9:06  Medivac  
  86  9:08  Siege Tank  
  91  9:11  Marine  
  91  9:12  Marine  
  91  9:16  Marine  
  94  9:23  Supply Depot  
  94  9:29  Marine x2  
  95  9:34  Marine  
  95  9:36  Medivac  
  93  9:39  SCV x2  
  93  9:40  SCV  
  93  9:41  Siege Tank  
  93  9:43  Bunker  
  99  9:47  Marine  
  99  9:51  SCV x2  
  99  9:52  SCV  
  103  9:53  Marine x2  
  105  10:03  SCV  
  105  10:04  SCV  
  105  10:05  Marine, Barracks Reactor x2  
  105  10:06  Medivac  
  110  10:10  Marine  
  110  10:11  Marine  
  110  10:13  Siege Tank  
  115  10:23  Marine  
  116  10:28  Marine x2  
  118  10:35  SCV  
  118  10:36  Medivac, SCV x2, Terran Vehicle And Ship Armor Level 1  
  118  10:40  Marine  
  124  10:46  Marine  
  125  10:57  Supply Depot, Terran Infantry Armor Level 2  
  125  11:11  Marine x3  
  125  11:12  SCV x3, Siege Tank  
  134  11:21  Marine x4  
  134  11:24  Medivac, SCV x2  
  142  11:29  Marine x3  
  145  11:39  Marine x4  
  149  11:50  Barracks  
  149  12:01  Supply Depot  
  149  12:23  Marine x6, Medivac  
  149  12:29  Terran Vehicle Weapons Level 2  
  157  12:32  Supply Depot  
  157  12:38  Supply Depot  
  157  12:39  Barracks  
  157  12:53  Marine x5, Siege Tank  
  165  12:59  Marine x2, Medivac  
  165  13:00  Supply Depot  
  165  13:04  SCV x3  
  172  13:11  Marine  
  173  13:15  Marine x2  
  173  13:21  Marine x4  
  173  13:22  SCV x3  
  173  13:24  Supply Depot  
  173  13:26  Siege Tank  
  181  13:30  Medivac  
  180  13:34  SCV  
  178  13:46  Supply Depot  
  169  13:56  SCV x3  
  169  13:57  Marine  
  169  13:58  Marine x5, Siege Tank  
  169  14:01  Marine  
  169  14:02  Medivac  
  181  14:08  SCV x3  
  183  14:15  Marine x2  
  183  14:16  Marine  
  185  14:19  Marine x2  
  185  14:20  Marine x2  
  185  14:30  Siege Tank  
  187  14:32  Medivac  
  187  14:33  Marine  
  189  15:10  Supply Depot  
  189  15:18  Marine x5  
  189  15:19  Marine x2  
  199  15:32  Supply Depot  
Show
View Real Time Build Order
Export as new Build Order

A.I. 1 (Hard) Protoss 

Build Orders:  

Get SALT Encoding   

  12  0:00  Probe  
  13  0:13  Probe  
  14  0:19  Pylon  
  14  0:25  Probe  
  15  0:37  Probe  
  15  0:39  Gateway  
  16  0:47  Assimilator  
  16  0:49  Probe  
  17  1:01  Probe  
  17  1:02  Pylon  
  18  1:13  Probe  
  19  1:26  Probe  
  19  1:27  Zealot, Cybernetics Core  
  22  1:45  Gateway  
  22  1:50  Assimilator  
  22  2:03  Pylon, Stalker  
  24  2:18  Warp Gate  
  24  2:33  Adept  
  24  2:36  Adept  
  28  2:47  Pylon  
  28  3:01  Adept  
  28  3:03  Adept  
  32  3:11  Probe  
  33  3:19  Pylon  
  33  3:23  Probe  
  34  3:28  Adept  
  34  3:30  Zealot  
  38  3:35  Probe  
  39  3:43  Forge  
  39  3:47  Probe  
  40  3:55  Adept  
  42  3:57  Adept  
  42  3:59  Probe  
  45  4:11  Probe  
  46  5:00  Sentry  
  46  5:01  Protoss Ground Weapons Level 1  
  46  5:03  Gateway  
  46  5:06  Pylon  
  48  5:10  Stalker  
  50  5:15  Photon Cannon  
  50  5:23  Sentry  
  50  5:24  Photon Cannon  
  50  5:28  Robotics Facility  
  52  5:32  Stalker  
  54  5:42  Pylon  
  54  5:46  Stalker  
  54  5:55  Zealot  
  40  6:05  Zealot  
  42  6:14  Adept  
  42  6:15  Observer  
  45  6:21  Nexus  
  45  6:23  Adept  
  47  6:33  Stalker  
  47  6:36  Observer  
  50  6:41  Stargate  
  50  6:42  Sentry  
  52  6:51  Sentry  
  52  6:52  Twilight Council  
  54  6:55  Protoss Ground Armor Level 1  
  54  7:33  Probe  
  54  7:35  Probe  
  56  7:43  Assimilator x2  
  56  7:45  Probe  
  56  7:47  Probe  
  58  7:57  Probe  
  59  7:59  Probe  
  60  8:09  Probe  
  60  8:11  Probe  
  62  8:22  Probe  
  62  8:23  Probe  
  64  8:34  Probe  
  65  8:35  Probe  
  66  8:46  Probe  
  66  8:47  Probe  
  68  8:58  Probe  
  68  8:59  Probe, Stalker x2  
  70  9:05  Warp Prism  
  72  9:10  Probe  
  72  9:12  Pylon  
  73  9:36  Zealot  
  61  9:40  Pylon, Warp Prism  
  61  9:45  Probe  
  62  10:00  Nexus  
  62  10:07  Fleet Beacon  
  62  10:17  Observer, Protoss Ground Weapons Level 2  
  63  10:32  Protoss Air Weapons Level 1  
  63  10:37  Warp Prism  
  65  10:53  Tempest  
  71  11:15  Probe, Photon Cannon  
  71  11:17  Probe  
  73  11:20  Probe  
  73  11:21  Photon Cannon  
  73  11:23  Assimilator  
  74  11:26  Assimilator  
  74  11:27  Probe  
  74  11:29  Probe  
  74  11:32  Probe  
  77  11:39  Probe  
  78  11:41  Probe  
  78  11:44  Probe  
  80  11:51  Probe  
  80  11:53  Probe  
  82  11:56  Probe  
  83  12:03  Probe  
  83  12:05  Probe  
  83  12:08  Probe  
  86  12:15  Probe  
  87  12:27  Protoss Air Armor Level 1  
  87  12:32  Protoss Ground Armor Level 2  
  87  13:02  Zealot  
  89  13:06  Pylon  
  89  13:07  Stalker x2  
  89  13:08  Stalker  
  91  13:14  Stalker  
  93  13:22  Sentry  
  93  13:26  Dark Shrine  
  95  13:28  Void Ray  
  95  13:29  Probe  
  95  13:30  Probe  
  95  13:32  Probe  
  88  13:34  Pylon  
  88  13:35  Stalker  
  88  13:38  Warp Prism  
  88  13:41  Stalker  
  81  13:42  Probe  
  81  13:45  Probe  
  81  13:46  Zealot  
  60  13:58  Stalker  
  60  14:03  Stalker  
  61  14:11  Void Ray  
  61  14:13  Zealot, Warp Prism  
  64  14:21  Sentry  
  55  14:27  Adept  
  52  14:33  Zealot  
  40  14:42  Probe  
  40  14:44  Sentry  
  33  14:48  Zealot  
  33  14:49  Warp Prism  
  26  14:54  Probe, Void Ray  
  26  14:55  Zealot  
  24  15:06  Probe  
  21  15:07  Stalker  
  21  15:11  Zealot  
  19  15:16  Zealot  
  19  15:18  Probe  
  17  15:30  Zealot  
  17  15:34  Zealot  
Tags
 
Add a new tag
Caveats
  • Supply blocks, unpowered buildings, or Contaminate may cause inaccurate times.
  • Supply counts are checked every 10 seconds.